 Dungeon Crawl Stone Soup version 0.31-a0-479-g91c9547826 (webtiles) character file.

Game seed: 17411119896291848007

45233 Conn the Thaumaturge (level 14, 0/81 HPs)
             Began as an Octopode Fire Elementalist on Aug 7, 2023.
             Was a High Priest of Sif Muna.
             Slain by a lindwurm (5 damage)
             ... while petrified by a catoblepas
             ... on level 5 of the Lair of Beasts.
             The game lasted 00:46:07 (18747 turns).

Conn the Thaumaturge (Octopode Fire Elementalist)  Turns: 18747, Time: 00:46:08

Health: 0/81       AC:  2    Str: 14    XL:     14   Next: 32%
Magic:  3/49       EV:  2    Int: 22    God:    Sif Muna [*****.]
Gold:   1895       SH:  0    Dex: 12    Spells: 10/39 levels left

rFire   . . .        o - staff of conjuration
rCold   + + .        (no shield)
rNeg    + + +        B - +1 hat of Tulips {rC++ rN+ MP+9}
rPois   ∞            L - amulet of reflection
rElec   .            b - ring of positive energy
rCorr   .            h - +6 ring of strength
SInv    .            t - ring of positive energy
Will    ++...        k - ring of magical power
Stlth   ++++         v - ring of positive energy
HPRegen 0.33/turn    x - +5 ring of evasion
MPRegen 0.31/turn    w - ring of wizardry
                     A - ring of willpower

%: reflection, wizardry (x1)
@: petrified, very slightly contaminated
A: almost no armour, amphibious, 8 rings, camouflage 1, gelatinous body 1,
(nimble swimmer 1), tentacles
a: Renounce Religion, Channel Magic, Forget Spell, Divine Exegesis


You were on level 5 of the Lair of Beasts.
You worshipped Sif Muna.
Sif Muna was extremely pleased with you.
You visited 2 branches of the dungeon, and saw 13 of its levels.
You also visited: Bailey.

You collected 1895 gold pieces.

Inventory:

Hand Weapons
 j - a +1 dagger
Missiles
 y - a curare-tipped dart (quivered)
Armour
 B - the +1 hat of Tulips (worn) {rC++ rN+ MP+9}
   (You acquired it on level 7 of the Dungeon)

   rC:        It greatly protects you from cold.
   rN:        It protects you from negative energy.
   MP:        It affects your magic capacity (+9).
Magical Staves
 o - a staff of conjuration (weapon)
Jewellery
 b - a ring of positive energy (left tentacle)
 h - a +6 ring of strength (right tentacle)
 k - a ring of magical power (on tentacle)
 t - a ring of positive energy (on tentacle)
 v - a ring of positive energy (on tentacle)
 w - a ring of wizardry (on tentacle)
 x - a +5 ring of evasion (on tentacle)
 A - a ring of willpower (on tentacle)
 J - a ring of ice
 L - an amulet of reflection (around mantle)
 N - a ring of positive energy
Wands
 F - a wand of iceblast (22)
 G - a wand of flame (25)
 H - a wand of light (3)
Scrolls
 c - 3 scrolls of enchant armour
 d - a scroll of revelation {unknown}
 f - 3 scrolls of amnesia
 m - a scroll of poison
 s - a scroll of fog
 u - 4 scrolls of teleportation
 C - 2 scrolls of summoning
 D - a scroll of enchant weapon
Potions
 a - 2 potions of magic
 e - 4 potions of berserk rage
 g - 2 potions of might
 i - a potion of resistance
 l - 3 potions of brilliance
 n - 4 potions of attraction
 p - 2 potions of heal wounds
 q - a potion of lignification
 r - 4 potions of curing
 E - 2 potions of mutation
 I - a potion of ambrosia
 M - a potion of enlightenment {unknown}
Miscellaneous
 K - a condenser vane


   Skills:
 + Level 2.8 Fighting
 + Level 1.6 Staves
 + Level 0.1 Throwing
 + Level 4.3 Dodging
 + Level 5.6 Stealth
 + Level 0.2 Unarmed Combat
 + Level 13.1 Spellcasting
 * Level 11.8 Conjurations
 + Level 2.5 Hexes
 - Level 3.0 Transmutations
 + Level 12.6 Fire Magic
 * Level 9.2 Invocations


You had 10 spell levels left.
You knew the following spells:

 Your Spells              Type           Power      Damage    Failure   Level
a - Foxfire               Conj/Fire      100%       2x1d9     1%          1
b - Scorch                Fire           100%       2d9       1%          2
c - Inner Flame           Hex/Fire       47%        N/A       1%          3
d - Flame Wave            Conj/Fire      80%        2d17      1%          4
e - Slow                  Hex            100%       N/A       1%          1
f - Irradiate             Conj/Tmut      31%        3d22      2%          5
g - Hailstorm             Conj/Ice       57%        3d12      1%          3
h - Iskenderun's Battles  Conj           79%        2d13      1%          5
r - Fireball              Conj/Fire      40%        3d16      1%          5

Your spell library contained the following spells:

 Spells                   Type           Power      Damage    Failure   Level
 Magic Dart               Conj           100%       1d8       1%          1
 Necrotise                Necr           56%        1d6       1%          1
 Momentum Strike          Conj/Tloc      100%       3d10      1%          2
 Wereblood                Tmut           27%        N/A       1%          2
 Confusing Touch          Hex            25%        N/A       1%          3
 Dazzling Flash           Conj/Hex       100%       N/A       1%          3
 Volatile Blastmotes      Fire/Tloc      84%        2d17      1%          3
 Cigotuvi's Dreadful Rot  Necr/Pois/Air  28%        N/A       2%          2
 Sublimation of Blood     Necr           14%        N/A       2%          2
 Vampiric Draining        Necr           14%        2d7       5%          3
 Cause Fear               Hex            12%        N/A       6%          4
 Petrify                  Tmut/Erth      21%        N/A       10%         4
 Animate Dead             Necr           14%        N/A       17%         4
 Dispel Undead            Necr           14%        3d10      17%         4
 Agony                    Necr           14%        N/A       43%         5
 Death Channel            Necr           7%         N/A       92%         6
 Summon Cactus Giant      Summ           7%         N/A       92%         6
 Haunt                    Necr/Summ      7%         N/A       100%        7
 Summon Hydra             Summ           7%         N/A       100%        7
 Infestation              Necr           7%         N/A       100%        8
 Dragon's Call            Summ           7%         N/A       100%        9
 Fire Storm               Conj/Fire      40%        8d10      100%        9


Dungeon Overview and Level Annotations

Branches:
Dungeon (8/15)             Temple (0/1) D:7            Lair (5/5) D:8
 Shoals (0/4) Lair:3       Spider (0/4) Lair:2        Slime (0/5) Lair:4
 Bailey (visited)

Altars:
Cheibriados
Dithmenos
Fedhas
Gozag
Kikubaaqudgha
Makhleb
Okawaru
Sif Muna
Trog
Wu Jian
Lugonu

Portals:
Abyss: Lair:5

Annotations:
D:6 3 runed translucent doors, Scrael's ghost, novice DsSh
D:8 2 transporters


Innate Abilities, Weirdness & Mutations

You cannot wear most types of armour.
You are amphibious.
You can wear up to eight rings at the same time.
Your skin changes colour to match your surroundings (Stealth+).
Your rubbery body absorbs attacks. (AC +1, EV +1)
((You are camouflaged when in or above water. (Stealth+)))
You have tentacles for arms and can constrict up to eight enemies at once.


Message History

Unknown command.
Casting: Flame Wave (safe; 1% risk of failure)
Confirm with . or Enter, or press ? or * to list all spells.
You feel a surge of power!
You erupt in a fountain of uncontrolled magic!
The catoblepas is blasted with magical radiation!!!
The catoblepas is almost dead.
You are very lightly contaminated with residual magic.
You are engulfed in calcifying dust.
You are slowing down.
You block the catoblepas's attack.
You feel limber!
You feel magically purged.
Your magical contamination has completely faded away.
You are engulfed in calcifying dust.
You are slowing down.
You block the catoblepas's attack.
A lindwurm comes into view.
Casting: Irradiate (dangerous; 2% risk of failure)
Confirm with . or Enter, or press ? or * to list all spells.
You feel a surge of power!
You erupt in a fountain of uncontrolled magic!
The komodo dragon is blasted with magical radiation!!
The komodo dragon is heavily wounded.
The catoblepas is blasted with magical radiation!!
You kill the catoblepas!
Sif Muna accepts your kill.
You are very lightly contaminated with residual magic.
The komodo dragon misses you.
You have turned to stone.
The komodo dragon bites you!
* * * LOW HITPOINT WARNING * * *
The komodo dragon bites you.
* * * LOW HITPOINT WARNING * * *
The komodo dragon bites you!!
* * * LOW HITPOINT WARNING * * *
The komodo dragon bites you!
* * * LOW HITPOINT WARNING * * *
The komodo dragon completely misses you.
The lindwurm bites you!
You die...

#P.....# ##.. ###<#..#
#... #...#.####.. ###
##..........
###.######.....####
#.##.##..##....# # ####
#..............# # #....
#..#..#..PP..#.####
......#l@####........#...
#.P...†k## ##.....#.....
#..##...# #.####....<.
#..†.# #.# #.#..÷÷.
#○.#.. #.. ###...÷.
#..... #..###......
....... ..P.........
......## .P.........#
......## ...#........


You could see a lindwurm and a komodo dragon.

Vanquished Creatures
  A reaper (Lair:3)
  2 vault guards (Bailey)
  Fannar (Lair:3)
  A catoblepas (Lair:5)
  A two-headed ogre (D:7)
  A hydra (Lair:3)
  5 death yaks (Lair:2)
  A boulder beetle (Lair:2)
  3 thrashing horrors (Lair:5)
  Urug (Lair:4)
  A large abomination (Lair:5)
  2 ugly things (Lair:5)
  14 elephants
  3 merfolk sirens (Lair:3)
  4 black mambas
  A guardian serpent (shapeshifter) (Lair:5)
  6 cane toads
  3 rime drakes
  5 komodo dragons
  6 polar bears (Lair:1)
  A hornet (D:8)
  A tarantella (shapeshifter) (Lair:5)
  A merfolk (Lair:3)
  Prince Ribbit (Bailey)
  3 raiju (Lair:5)
  32 blink frogs
  A ynoxinul (Lair:5)
  A spriggan (Lair:5)
  2 slime creatures (D:6)
  2 wyverns
  9 small abominations
  18 yaks
  3 basilisks
  2 chaos spawn (Lair:5)
  The ghost of andwaal the Trooper, an amateur DsMo (D:5)
  7 humans
  A steam dragon (D:8)
  Edmund (D:5)
  15 water moccasins
  An ice beast (D:5)
  An orc warrior (D:6)
  4 black bears
  An ogre (D:4)
  15 wolves
  3 centaurs
  2 phantoms
  The ghost of Omnilove the Insei, an amateur OpSh (D:3)
  6 kobold brigands
  21 bullfrogs
  4 scorpions
  3 wights (D:8)
  A killer bee (D:8)
  3 howler monkeys (D:7)
  3 hounds
  8 jellies
  Crazy Yiuf (D:7)
  8 orc priests
  3 iguanas (D:6)
  A sleepcap (D:5)
  8 orc wizards
  A gnoll (Bailey)
  7 adders
  2 shadow imps
  4 white imps
  7 worms
  3 dart slugs
  18 orcs
  13 endoplasms
  6 giant cockroaches
  10 goblins
  6 hobgoblins
  6 jackals
  18 kobolds
  5 quokkas
  4 ball pythons
  9 bats
  3 frilled lizards
  10 rats
394 creatures vanquished.

Vanquished Creatures (collateral kills)
  4 foxfires
4 creatures vanquished.

Vanquished Creatures (others)
  A komodo dragon (Lair:5)
  1090 foxfires
1091 creatures vanquished.

Grand Total: 1489 creatures vanquished

Notes
Turn   | Place    | Note
-------+----------+-------------------------------------------
     0 | D:1      | Conn the Octopode Fire Elementalist began the quest for the
                  | Orb.
     0 | D:1      | Reached XP level 1. HP: 11/11 MP: 3/3
   186 | D:1      | Reached XP level 2. HP: 17/17 MP: 0/5
   727 | D:1      | Found a faded altar of an unknown god.
   805 | D:1      | Reached XP level 3. HP: 19/21 MP: 2/6
   808 | D:1      | Learned a level 2 spell: Scorch
   812 | D:1      | Learned a level 3 spell: Inner Flame
  1424 | D:2      | Reached XP level 4. HP: 22/27 MP: 5/7
  2501 | D:3      | Found a runed translucent gate.
  2501 | D:3      | Found a runed translucent gate.
  2501 | D:3      | Found a runed translucent gate.
  2503 | D:3      | Noticed Omnilove's ghost (amateur OpSh)
  2788 | D:3      | Noticed a phantom
  2796 | D:3      | Killed a phantom
  2797 | D:3      | Reached skill level 3 in Spellcasting
  2797 | D:3      | Reached XP level 5. HP: 32/32 MP: 1/9
  3505 | D:3      | Found a bloodstained altar of Trog.
  3580 | D:3      | Killed Omnilove's ghost
  3581 | D:3      | Reached XP level 6. HP: 37/37 MP: 5/11
  3750 | D:3      | Identified a scroll of acquirement
  3750 | D:3      | Acquired 1075 gold pieces
  3907 | D:4      | Reached skill level 1 in Fighting
  3907 | D:4      | Reached skill level 1 in Staves
  3960 | D:4      | Found a burning altar of Makhleb.
  4059 | D:4      | Found an iron altar of Okawaru.
  4256 | D:4      | Learned a level 4 spell: Flame Wave
  4285 | D:4      | Noticed a black bear
  4291 | D:4      | Killed a black bear
  4292 | D:4      | Reached skill level 4 in Spellcasting
  4292 | D:4      | Reached XP level 7. HP: 43/43 MP: 5/13
  4499 | D:4      | Found a snail-covered altar of Cheibriados.
  4750 | D:5      | Entered Level 5 of the Dungeon
  4890 | D:5      | Found a shimmering blue altar of Sif Muna.
  4896 | D:5      | Noticed Edmund
  4897 | D:5      | Became a worshipper of Sif Muna the Loreminder
  5066 | D:5      | Killed Edmund
  5067 | D:5      | Reached skill level 5 in Spellcasting
  5067 | D:5      | Reached skill level 5 in Fire Magic
  5067 | D:5      | Reached XP level 8. HP: 17/48 MP: 8/16
  5355 | D:5      | Found a runed translucent door.
  5355 | D:5      | Noticed andwaal's ghost (amateur DsMo)
  6130 | D:5      | Found a large runed translucent door.
  6131 | D:5      | Found a large runed translucent door.
  6433 | D:5      | Killed andwaal's ghost
  6434 | D:5      | Reached skill level 6 in Spellcasting
  6548 | D:5      | Found a shadowy altar of Dithmenos.
  6564 | D:5      | Found an opulent altar of Gozag.
  6950 | D:6      | Reached skill level 5 in Stealth
  7278 | D:6      | Reached XP level 9. HP: 53/53 MP: 19/19
  7350 | D:6      | Reached skill level 7 in Spellcasting
  7350 | D:6      | Reached skill level 5 in Conjurations
  7352 | D:6      | Reached * piety under Sif Muna
  8128 | D:6      | Found a runed translucent gate.
  8133 | D:6      | Found a runed translucent gate.
  8133 | D:6      | Found a runed translucent gate.
  8134 | D:6      | Noticed Scrael's ghost (novice DsSh)
  8150 | D:6      | Found a blossoming altar of Fedhas.
  8312 | D:6      | Found an ornate altar of the Wu Jian Council.
  8356 | D:6      | Learned a level 1 spell: Slow
  8362 | D:6      | Learned a level 5 spell: Irradiate
  8517 | D:7      | Reached skill level 8 in Spellcasting
  8818 | D:7      | Noticed a two-headed ogre
  8827 | D:7      | Killed a two-headed ogre
  8828 | D:7      | Reached skill level 9 in Spellcasting
  8828 | D:7      | Reached XP level 10. HP: 60/60 MP: 20/23
  8830 | D:7      | Reached ** piety under Sif Muna
  8866 | D:7      | Found a staircase to the Ecumenical Temple.
  9016 | D:7      | Acquired the +1 hat of Tulips {rC++ rN+ MP+9}
  9061 | D:7      | Found an ancient bone altar of Kikubaaqudgha.
  9223 | D:7      | Found a runed translucent door.
  9224 | D:7      | Noticed Crazy Yiuf
  9231 | D:7      | Killed Crazy Yiuf
  9299 | D:8      | Identified the +8 plate armour of Bofodghi {MP-9 Int+3
                  | Dex+5}
  9308 | D:8      | Found a staircase to the Lair.
  9314 | D:8      | Found a flagged portal.
  9327 | Bailey   | Entered a bailey
  9407 | Bailey   | Reached skill level 1 in Invocations
  9623 | Bailey   | Noticed Prince Ribbit
  9638 | Bailey   | Killed Prince Ribbit
  9643 | Bailey   | Noticed a vault guard
  9651 | Bailey   | Killed a vault guard
  9652 | Bailey   | Reached skill level 10 in Spellcasting
  9787 | Bailey   | Noticed a vault guard
  9800 | Bailey   | Killed a vault guard
  9801 | Bailey   | Reached skill level 1 in Hexes
  9801 | Bailey   | Reached XP level 11. HP: 64/64 MP: 25/25
 10111 | D:8      | Found a transporter.
 10113 | D:8      | Found a transporter.
 10340 | D:8      | Reached *** piety under Sif Muna
 10702 | D:8      | Found a transporter.
 10725 | D:8      | Found a transporter.
 11096 | Lair:1   | Entered Level 1 of the Lair of Beasts
 11563 | Lair:1   | Reached skill level 5 in Invocations
 11794 | Lair:1   | Reached skill level 11 in Spellcasting
 11794 | Lair:1   | Reached skill level 1 in Transmutations
 11949 | Lair:1   | Reached XP level 12. HP: 72/72 MP: 27/27
 12833 | Lair:2   | Reached **** piety under Sif Muna
 13049 | Lair:2   | Noticed a death yak
 13126 | Lair:2   | Noticed a death yak
 13128 | Lair:2   | Noticed a death yak
 13130 | Lair:2   | Noticed a death yak
 13130 | Lair:2   | Noticed a death yak
 13151 | Lair:2   | Killed a death yak
 13152 | Lair:2   | Reached skill level 10 in Fire Magic
 13470 | Lair:2   | Noticed a boulder beetle
 13471 | Lair:2   | Found a hole to the Spider Nest.
 13478 | Lair:3   | Noticed a seven-headed hydra
 13490 | Lair:3   | Killed a seven-headed hydra
 13557 | Lair:3   | Found a dark tunnel.
 13636 | Lair:2   | Killed a boulder beetle
 13911 | Lair:2   | Reached skill level 12 in Spellcasting
 14375 | Lair:2   | Killed a death yak
 14377 | Lair:2   | Killed a death yak
 14377 | Lair:2   | Killed a death yak
 14378 | Lair:2   | Reached skill level 10 in Conjurations
 14378 | Lair:2   | Reached XP level 13. HP: 25/76 MP: 13/29
 14662 | Lair:3   | Noticed Fannar
 14685 | Lair:3   | Killed Fannar
 14793 | Lair:3   | Reached ***** piety under Sif Muna
 14798 | Lair:3   | Received a gift from Sif Muna
 14803 | Lair:3   | Got Sif Muna's Octavo of Force and the Blaze {god gift}
 14808 | Lair:3   | Learned a level 3 spell: Hailstorm
 14814 | Lair:3   | Learned a level 5 spell: Iskenderun's Battlesphere
 15063 | Lair:3   | Learned a level 5 spell: Fireball
 15215 | Lair:3   | Found a runed translucent door.
 15259 | Lair:3   | Noticed a reaper
 15279 | Lair:3   | Killed a reaper
 15512 | Lair:3   | Found a staircase to the Shoals.
 16064 | Lair:4   | Noticed Urug
 16640 | Lair:4   | Killed Urug
 17040 | Lair:4   | Found a staircase to the Slime Pits.
 17157 | Lair:5   | Entered Level 5 of the Lair of Beasts
 17967 | Lair:5   | Reached XP level 14. HP: 55/81 MP: 15/30
 18263 | Lair:5   | Reached skill level 13 in Spellcasting
 18430 | Lair:5   | Found a one-way gate to the infinite horrors of the Abyss.
 18431 | Lair:5   | Found a corrupted altar of Lugonu.
 18746 | Lair:5   | HP: 4/81 [komodo dragon (6)]
 18747 | Lair:5   | Slain by a lindwurm

Illustrated notes

Levels and vault maps discovered:
D:1:      lemuel_arrival_funnel, layout_rooms,
          shapermc_ecumenical_altar_totnotflames, minmay_indecisive_spiral
D:2:      layout_basic, wad_woods_river_04, nicolae_elevator_lobby_plus
D:3:      layout_loops_ring, mainiacjoe_overflow_alcove_4,
          gammafunk_ghost_split, minmay_starry_boxes
D:4:      layout_basic, overflow_temple_1_default, lemuel_doored_altar,
          cheibriados_altar_1
D:5:      layout_layer_cave, mainiacjoe_overflow_boulevard,
          jmf_multi_god_temple2, hellmonk_ghost_happy_afterlife, uniq_edmund
D:6:      cheibrodos_fertilizer, layout_basic, nzn_wu_jian_council_hall,
          nicolae_overflow_hidden_temple, ebering_ghost_rock_garden
D:7:      hellmonk_crumbling_castle, layout_cave_pools,
          mainiacjoe_overflow_small_starburst, minmay_temple_entry_grid,
          hangedman_decor_peaks_small, uniq_crazy_yiuf_cottage
D:8:      minmay_inner_zag, layout_rooms, enter_bailey_2,
          nicolae_diode_intersection
Lair:1:   layout_layer_cave, cheibrodos_lair_lostbears
Lair:2:   layout_roguey, nicolae_spider_entry_non_spiders, hibernation_bobbens,
          infiniplex_staircase_pool_2
Lair:3:   layout_misc_corridors, elwin_shoals_entry_stream,
          nicolae_volcano_entry_lava_flow, pdpol_lair_cabin_in_the_woods,
          uniq_fannar
Lair:4:   layout_long_grid, nicolae_slime_entry_slimehenge,
          serial_bayou_crossing, lemuel_fruit_fields, uniq_urug
Lair:5:   hellmonk_lair_end_abyssal_woods, layout_loops_ring

Skill      XL: |  1  2  3  4  5  6  7  8  9 10 11 12 13 14 |
---------------+-------------------------------------------+-----
Stealth        | 3 4 5 |  5.6
Conjurations   | 2 3 4 6 7 8 10 11 | 11.8
Spellcasting   | 3 4 5 6 9 10 11 12 13 | 13.1
Fire Magic     | 4 5 7 8 9 10 12 | 12.6
Fighting       | 1 2 |  2.8
Staves         | 1 |  1.6
Dodging        | 3 4 |  4.3
Invocations    | 3 5 7 8 9 |  9.2
Hexes          | 1 2 |  2.5
Transmutations | 1 3 |  3.0
Throwing       | |  0.1
Unarmed Combat | |  0.2

Action                     |  1- 3 |  4- 6 |  7- 9 | 10-12 | 13-15 || total
---------------------------+-------+-------+-------+-------+-------++-------
  Melee: Unarmed           |     8 |       |       |       |       ||     8
         Constrict         |     5 |     9 |     3 |     6 |     1 ||    24
         Tentacles         |     1 |     8 |     3 |     5 |     1 ||    18
         Dagger            |     5 |     2 |       |       |       ||     7
         Punch             |     1 |     2 |       |     1 |       ||     4
         Staff             |       |    36 |    29 |    17 |     4 ||    86
  Throw: Dart              |       |       |       |     3 |       ||     3
   Cast: Foxfire           |    65 |    65 |   180 |   195 |   126 ||   631
         Scorch            |       |    10 |    40 |    90 |    45 ||   185
         Inner Flame       |       |     1 |     9 |    24 |     5 ||    39
         Flame Wave        |       |       |     6 |    45 |    32 ||    83
         Slow              |       |       |       |     2 |     1 ||     3
         Irradiate         |       |       |       |     3 |     4 ||     7
         Fireball          |       |       |       |       |    42 ||    42
         Iskenderun's Batt |       |       |       |       |     5 ||     5
         Hailstorm         |       |       |       |       |     2 ||     2
 Invoke: Channel Magic     |       |       |       |       |     1 ||     1
  Evoke: Wand              |       |       |       |       |     1 ||     1
    Use: Scroll            |       |     8 |     6 |     8 |     3 ||    25
         Potion            |       |     2 |     4 |       |     4 ||    10
   Stab: Sleeping          |     2 |     7 |       |       |       ||     9
         Distracted        |       |       |       |     1 |       ||     1
 Armour: Skin              |     3 |     2 |     1 |     7 |     5 ||    18
  Dodge: Dodged            |    17 |    22 |    58 |   117 |    59 ||   273
  Block: Other             |       |       |       |       |     8 ||     8

Table legend: (Time is in decaauts)
 A = Elapsed time spent in this place.
 B = Non-inter-level travel time spent in this place.
 C = Inter-level travel time spent in this place.
 D = Time resting spent in this place.
 E = Time spent auto-exploring this place.
 F = Levels seen in this place.
 G = Mean time per level.
                   A        B        C        D        E       F      G
               +--------+--------+--------+--------+--------+-----+--------+
         Total |  18788 |  18471 |    317 |   2478 |  12372 |  14 | 1342.0 |
       Dungeon |  10661 |  10428 |    233 |    318 |   8156 |   8 | 1332.6 |
          Lair |   7571 |   7487 |     84 |   1958 |   4022 |   5 | 1514.2 |
        Bailey |    555 |    555 |      0 |    202 |    194 |   1 |  555.0 |
               +--------+--------+--------+--------+--------+-----+--------+

Top non-repeatable levels by time:
     D:5: 1973 daAuts
  Lair:1: 1951 daAuts
     D:6: 1709 daAuts
  Lair:3: 1603 daAuts
  Lair:4: 1429 daAuts
  Lair:2: 1362 daAuts
     D:8: 1351 daAuts
     D:3: 1320 daAuts
     D:2: 1303 daAuts
  Lair:5: 1223 daAuts
     D:1: 1156 daAuts
     D:4: 982 daAuts
     D:7: 863 daAuts
  Bailey: 555 daAuts
